Unix NetHack Version 3.7.0-80 Work-in-progress - last build Apr 4 2023 12:38:21 (790859391a0ee7bd3181b412646ad1b7e633ff00,branch:master). Game began 2023-04-06 18:26:06, ended 2023-04-06 18:36:27. sopa, lawful female dwarven Valkyrie ------ |.....######## ------------ ----------- |..(.| dd |...<..{...-# |....?.....# #.....+ dd@d########+..........|############0 |....../..|## #|...?| d #|..........|# # ----.- |........>| #0 #-.---- ### ##0#------------# # |(...| --------.-- # ## 0######)##### ##################### ###.....| # # # # ## ## |....| # # # # ------ # # # # # # ## ## ###----.------ ---|- #####..........| |...|## #|.......... |....# #..........| |...| #|.........| |...-####)#----------- ----- Sopa the Skirmisher St:17 Dx:11 Co:20 In:9 Wi:7 Ch:9 Lawful S:621 Dlvl:4 $:199 HP:0(40) Pw:3(3) AC:10 Xp:3/68 T:1202 Latest messages: You hear a jackal howling at the moon. You bite the gnome zombie. The gnome zombie hits! The gecko bites! You return to dwarven form! You miss the gecko. You hit the gecko. The gnome zombie hits! You kill the gecko! You hit the gnome zombie. The gnome zombie hits! You hit the gnome zombie. You destroy the gnome zombie! The werejackal bites! You miss the werejackal. The werejackal summons help! A jackal suddenly appears next to you! A jackal suddenly appears next to you! A jackal suddenly appears next to you! A jackal suddenly appears next to you! A jackal suddenly appears close by! The werejackal bites! You hit the werejackal. The jackal bites! The jackal bites! The jackal bites! The jackal bites! The werejackal bites! You miss the werejackal. The jackal bites! The jackal bites! The jackal bites! The jackal bites! The werejackal bites! You hit the werejackal. The jackal bites! The jackal bites! The jackal bites! The jackal bites! The werejackal bites! Are you sure you want to pray? [yn] (n) y You begin praying to Tyr. The jackal bites! The jackal bites! The jackal bites! You die... Do you want your possessions identified? [ynq] (y) y Do you want to see your attributes? [ynq] (y) n Do you want an account of creatures vanquished? [ynaq] (y) n Do you want to see your conduct and achievements? [ynq] (y) q Inventory: Coins $ - 199 gold pieces Weapons b - a +0 dagger (alternate weapon; not wielded) Comestibles l - an uncursed carrot d - an uncursed food ration Scrolls m - an uncursed scroll of enchant armor f - an uncursed scroll of identify Spellbooks o - an uncursed spellbook of sleep Potions u - an uncursed potion of gain energy j - a cursed potion of healing q - an uncursed potion of water Rings i - an uncursed ring of fire resistance s - an uncursed ring of protection from shape changers g - an uncursed ring of see invisible Wands h - a wand of polymorph (0:3) k - a wand of slow monster (0:7) Tools v - an uncursed bag of holding containing 1 item r - an uncursed tin whistle Gems/Stones t - an uncursed aquamarine stone p - an uncursed worthless piece of yellow glass Contents of the bag of holding: an uncursed worthless piece of green glass Sopa the Valkyrie's attributes: Background: You were a Skirmisher, a level 3 dwarven Valkyrie. You were lawful, on a mission for Tyr who was opposed by Odin (neutral) and Loki (chaotic). You were in the Dungeons of Doom, on level 4. You entered the dungeon 1202 turns ago. There was a full moon in effect when your adventure ended. You had 68 experience points, 12 more were needed to attain level 4. Your score was 621 before end-of-game adjustments. Basics: You had 0 out of 40 hit points. You had all 3 energy points (spell power). Your armor class was 10. Your wallet contained 199 zorkmids. Autopickup was off. Final Characteristics: Your strength was 17 (peak:18/01, limit:18/100). Your dexterity was 11 (limit:20). Your constitution was 20 (limit:20). Your intelligence was 9 (limit:16). Your wisdom was 7 (limit:16). Your charisma was 9 (limit:16). Final Status: You were not hungry. You were unencumbered. You were bare handed. You were unskilled in bare handed combat. You were not wearing any armor. Final Attributes: You were devoutly aligned. You were cold resistant. You were level-drain resistant. You had infravision. You were stealthy. You aggravated monsters. You were a werejackal. You were harmed by silver. You were unlucky. You are dead. Miscellaneous: You never encountered a bones level. Total elapsed playing time was 10 minutes and 20 seconds. Major events: Turn 1: sopa the lawful dwarven Valkyrie entered the dungeon 859: attained the rank of Skirmisher (level 3) 1202: killed by a jackal, while praying Vanquished creatures: a wererat a werejackal a coyote a large kobold a gnome zombie 2 geckos 5 jackals a kobold a goblin 5 grid bugs 4 lichens a newt 24 creatures vanquished. No species were genocided or became extinct. Voluntary challenges: You read items or engraved 4 times. You never engraved Elbereth. You never genocided any monsters. You never polymorphed an object. You used no wishes. Achievement: You attained the rank of Skirmisher. The Dungeons of Doom: levels 1 to 4 Level 1: Level 2: Level 3: Some fountains. Level 4: <- You were here. A fountain. Final resting place for you, killed by a jackal, while praying. Game over: ---------- / \ / REST \ / IN \ / PEACE \ / \ | sopa | | 199 Au | | killed by a | | jackal | | | | | | 2023 | *| * * * | * _________)/\\_//(\/(/\)/\//\/|_)_______ Farvel sopa the Valkyrie... You died in The Dungeons of Doom on dungeon level 4 with 602 points, and 199 pieces of gold, after 1202 moves. You were level 3 with a maximum of 40 hit points when you died.